 Dungeon Crawl Stone Soup version 0.27.1-3-gb3d3a73c9e (webtiles) character file.

Game seed: 12805766975851329795

293 AZSletch the Ducker (level 6, -5/47 HPs)
             Began as a Demonspawn Gladiator on Oct 6, 2021.
             Slain by a gnoll (10 damage)
             ... on level 4 of the Dungeon.
             The game lasted 00:19:24 (5429 turns).

AZSletch the Ducker (Demonspawn Gladiator)          Turns: 5429, Time: 00:19:25

Health: -5/47      AC:  4    Str: 16    XL:     6   Next: 11%
Magic:  8/8        EV: 13    Int: 10    God:
Gold:   59         SH:  0    Dex: 14    Spells: 7/7 levels left

rFire    . . .     SeeInvis .   m - +2 dagger (pain)
rCold    + . .     Faith    .   (no shield)
rNeg     . . .     Spirit   .   b - +0 leather armour
rPois    .         Reflect  .   c - +0 helmet
rElec    .         Harm     .   (no cloak)
rCorr    +         Rampage  .   (no gloves)
Will     .....                  (no boots)
Stlth    +.........             (no amulet)
HPRegen  0.15/turn              l - ring of resist corrosion
MPRegen  0.11/turn              n - ring of protection from cold

@: mighty
A: powered by pain 1
a: no special abilities


You were on level 4 of the Dungeon.
You visited 1 branch of the dungeon, and saw 4 of its levels.

You collected 59 gold pieces.

Inventory:

Hand Weapons
 a - a +0 long sword
 g - a +0 hunting sling
 m - a +2 dagger of pain (weapon)
 u - a +4 flail of protection
Missiles
 d - 2 throwing nets
 f - 56 stones
 h - 41 sling bullets
 i - 8 poisoned darts (quivered)
Armour
 b - a +0 leather armour (worn)
 c - a +0 helmet (worn)
Jewellery
 l - a ring of resist corrosion (left hand)
 n - a ring of protection from cold (right hand)
Scrolls
 e - 2 scrolls of silence {unknown}
 j - 5 scrolls of identify {unknown}
 o - a scroll of immolation {unknown}
 q - a scroll of amnesia {unknown}
 s - a scroll of vulnerability {unknown}
 t - a scroll of fog {unknown}
 v - a scroll of teleportation {unknown}
Potions
 k - a potion of resistance {unknown}
 p - a potion of lignification {unknown}
 r - a potion of might {unknown}


   Skills:
 + Level 3.4 Fighting
 + Level 1.4(2.2) Short Blades
 - Level 2.6(2.9) Long Blades
 - Level 1.7 Throwing
 - Level 2.0 Armour
 + Level 3.7 Dodging
 + Level 1.4 Spellcasting
 + Level 2.0 Hexes
 + Level 1.3 Necromancy


You had 7 spell levels left.
You didn't know any spells.
Your spell library contained the following spells:

 Spells                   Type           Power      Damage    Failure   Level
 Slow                     Hex            4%         N/A       26%         2
 Confusing Touch          Hex            4%         N/A       47%         3
 Yara's Violent Unravell  Hex/Tmut       1%         3d3       100%        5


Dungeon Overview and Level Annotations

Branches:
Dungeon (4/15)
 Temple: D:4-7

Altars:
Fedhas
Wu Jian

Shops:
D:3 [

Annotations:
D:3 Sigmund


Innate Abilities, Weirdness & Mutations

You sometimes gain a little power by taking damage.


Message History

A gnoll shaman comes into view. It is wielding a +0 club.
The gnoll shaman shouts!
You hear a shout!
The gnoll shaman calls upon its god to speed up something.
You hear a shout!
A gnoll comes into view. It is wielding a +2 spear of freezing.
The gnoll shaman misses you.
A gnoll comes into view. It is wielding a +0 halberd.
You hit the gnoll shaman.
The gnoll shaman is lightly wounded.
A gnoll comes into view. It is wielding a +0 flail.
The gnoll shaman closely misses you.
Unknown command.
The gnoll shaman calls upon its god to speed up the gnoll.
The gnoll seems to speed up.
The gnoll completely misses you. The gnoll hits you but does no damage.
The gnoll shaman calls upon its god to speed up something.
You hear a shout!
The gnoll barely misses you.
You open the door. The gnoll misses you. The gnoll barely misses you.
The gnoll hits you from afar with a +2 spear of freezing.
There is an open door here.
The gnoll hits you from afar with a +2 spear of freezing.
The gnoll hits you from afar with a +2 spear of freezing.
The gnoll freezes you.
The gnoll hits you with a +2 spear of freezing.
The gnoll freezes you.
The gnoll hits you from afar with a +0 halberd!
You focus on the pain.
You feel very mighty all of a sudden.
You hit the gnoll.
The gnoll writhes in agony.
The gnoll is moderately wounded.
The gnoll hits you from afar with a +0 halberd!
* * * LOW HITPOINT WARNING * * *
The gnoll hits you from afar with a +2 spear of freezing!
* * * LOW HITPOINT WARNING * * *
The gnoll freezes you.
* * * LOW HITPOINT WARNING * * *
The gnoll misses you.
The gnoll hits you from afar with a +2 spear of freezing!
You die...

######## #...(....#...#+##
.......# #........#...#.#
....)..# #........#...#.#
.......# #........#...#.#
.......# #........#...#'#####
.......# #........#.........#
##.....# #....g...#.........#
.......# #...gg...#.........#
.......#####'##.@.#.......###
..............g...#.......#
.....#............#.......#
.....#....................#
.....#...........#........#
.#####...........#........#
.# #...........#........# .#
#...........##....>..# .#
#...........##.......#


You could see a gnoll shaman and 3 gnolls.

Vanquished Creatures
  A hound (D:3)
  Jessica (D:3)
  Natasha (twice) (D:2)
  3 gnolls (D:4)
  7 adders
  An ufetubus (D:3)
  2 worms (D:2)
  3 dart slugs (D:3)
  2 orcs
  4 ball pythons
  8 endoplasms
  3 giant cockroaches
  4 hobgoblins
  2 jackals (D:1)
  6 kobolds
  4 quokkas
  11 bats
  2 frilled lizards (D:1)
  6 goblins
  7 rats
79 creatures vanquished.

Notes
Turn   | Place    | Note
-------+----------+-------------------------------------------
     0 | D:1      | AZSletch the Demonspawn Gladiator began the quest for the
                  | Orb.
     0 | D:1      | Reached XP level 1. HP: 16/16 MP: 1/1
   259 | D:1      | Gained mutation: You sometimes gain a little power by
                  | taking damage. [demonic ancestry]
   259 | D:1      | Reached XP level 2. HP: 22/22 MP: 2/2
   284 | D:1      | Found a faded altar of an unknown god.
   689 | D:1      | Reached skill level 1 in Armour
  1266 | D:2      | Reached XP level 3. HP: 20/28 MP: 3/3
  1354 | D:2      | Found a blossoming altar of Fedhas.
  1544 | D:2      | Noticed Natasha
  2509 | D:2      | Killed Natasha
  2510 | D:2      | Reached XP level 4. HP: 5/34 MP: 4/4
  3177 | D:3      | Noticed Sigmund
  3210 | D:2      | Noticed Natasha
  3221 | D:3      | Reached skill level 1 in Hexes
  3484 | D:3      | Found an ornate altar of the Wu Jian Council.
  3607 | D:3      | Noticed Jessica
  3636 | D:3      | Killed Jessica
  3637 | D:3      | Reached skill level 1 in Spellcasting
  3637 | D:3      | Reached XP level 5. HP: 6/41 MP: 6/6
  3941 | D:3      | Found Zejaonwo's Antique Armour Boutique.
  4243 | D:2      | Killed Natasha
  4244 | D:2      | Reached skill level 1 in Short Blades
  4701 | D:3      | Reached skill level 1 in Necromancy
  4706 | D:3      | HP: 1/41 [hound (5)]
  5154 | D:4      | Reached XP level 6. HP: 46/47 MP: 8/8
  5429 | D:4      | Slain by a gnoll

Illustrated notes

Levels and vault maps discovered:
D:1:      minmay_arrival_open_corners, layout_basic,
          chequers_ecumenical_altar_island, serial_bayou_crossing
D:2:      layout_loops_ring, basic_altar, uniq_natasha
D:3:      layout_basic, nicolae_wu_jian_immortal_techniques, serial_shops,
          shop_fountains, uniq_sigmund, uniq_jessica
D:4:      layout_basic, minmay_temple_entry_hall, cheibrodos_sewer_entry_bend

Skill      XL: |  1  2  3  4  5  6 |
---------------+-------------------+-----
Dodging        | 3 |  3.7
Armour         | 1 2 |  2.0
Hexes          | 1 2 |  2.0
Fighting       | 3 |  3.4
Spellcasting   | 1 |  1.4
Short Blades   | 1 |  1.4
Necromancy     | 1 |  1.3
Long Blades    | |  2.6
Throwing       | |  1.7

Action                   |  1- 3 |  4- 6 || total
-------------------------+-------+-------++-------
Melee: Long sword        |   118 |       ||   118
       Dagger            |    56 |   161 ||   217
Throw: Stone             |     6 |       ||     6
       Throwing net      |     1 |       ||     1
       Dart              |       |    25 ||    25
  Use: Potion            |       |     1 ||     1
Armor: Leather armour    |    59 |    43 ||   102
Dodge: Dodged            |   116 |   131 ||   247
       Rpst.: Long sword |    26 |       ||    26
